 Dungeon Crawl Stone Soup version 0.29.1-12-g30fa7ad0bf (webtiles) character file.

Game seed: 5691027618565597228

84 112233 the Gusty (level 4, 0/18 HPs)
             Began as a Felid Air Elementalist on Dec 21, 2022.
             Was an Initiate of Vehumet.
             Killed by their own static electricity (2 damage)
             ... on level 3 of the Dungeon.
             The game lasted 00:04:09 (5645 turns).

112233 the Gusty (Felid Air Elementalist)           Turns: 5645, Time: 00:04:09

Health: 0/18       AC:  1    Str:  4    XL:     4   Next: 24%
Magic:  2/8        EV: 17    Int: 18    God:    Vehumet [......]
Gold:   128        SH:  0    Dex: 17    Spells: 4/7 levels left
                                        Lives:  0   Deaths: 1

rFire   . . .      SeeInvis +   (weapon unavailable)
rCold   . . .      Faith    .   (shield unavailable)
rNeg    . . .      Spirit   .   (body armour unavailable)
rPois   .          Reflect  .   (helmet unavailable)
rElec   .          Harm     .   (cloak unavailable)
rCorr   .          Rampage  .   (gloves unavailable)
Will    .....                   (boots unavailable)
Stlth   ++........              (no amulet)
HPRegen 0.06/turn               (no ring)
MPRegen 0.11/turn               (no ring)

@: quick
A: very small, claws 1, fangs 3, see invisible, speed 1, shaggy fur 1, stealthy
paws, no weapons or thrown items, no armour, multi-lived
a: Renounce Religion


You were on level 3 of the Dungeon.
You worshipped Vehumet.
Vehumet was noncommittal.
You visited 1 branch of the dungeon, and saw 4 of its levels.

You collected 128 gold pieces.

Inventory:

Wands
 i - a wand of digging (1)
Scrolls
 a - a scroll of fear {unknown}
 b - 4 scrolls of teleportation {unknown}
 c - 2 scrolls of identify {unknown}
 d - a scroll of enchant armour {unknown}
 e - a scroll of blinking {unknown}
 g - a scroll of fog {unknown}
Potions
 f - 2 potions of curing {unknown}
 h - 2 potions of heal wounds {unknown}


   Skills:
 - Level 2.7 Dodging
 - Level 2.7 Stealth
 - Level 2.0 Spellcasting
 - Level 0.8 Conjurations
 + Level 5.3 Air Magic


You had 4 spell levels left.
You knew the following spells:

 Your Spells              Type           Power      Damage    Failure   Level
a - Shock                 Conj/Air       52%        1d6       4%          1
b - Static Discharge      Conj/Air       13%        3-5/arc   8%          2

Your spell library contained the following spells:

 Spells                   Type           Power      Damage    Failure   Level
 Swiftness                Air            21%        N/A       6%          3
 Summon Small Mammal      Summ           4%         N/A       19%         1
 Airstrike                Air            10%        2d(2-18)  21%         4
 Call Canine Familiar     Summ           1%         N/A       47%         3
 Summon Guardian Golem    Hex/Summ       1%         N/A       47%         3
 Tukima's Dance           Hex            1%         N/A       47%         3
 Passage of Golubria      Tloc           1%         N/A       87%         4
 Yara's Violent Unravell  Hex/Tmut       0%         3d3       99%         5


Dungeon Overview and Level Annotations

Branches:
Dungeon (4/15)
 Temple: D:4-7

Altars:
Vehumet

Shops:
D:1 (


Innate Abilities, Weirdness & Mutations

You have sharp claws.
You have razor-sharp teeth.
You have supernaturally acute eyesight. (SInv)
You cover ground quickly. (Speed+)
You are covered in fur. (AC +1)
Your paws help you pounce on unaware monsters.
You are incapable of wielding weapons or throwing items.
You cannot wear armour.
You gain extra lives every three experience levels.


Message History

You are frozen.
You closely miss the kobold. You bite the kobold, but do no damage.
The kobold is severely wounded.
The kobold barely misses you. The endoplasm freezes you.
You are frozen.
Unknown command.
Casting: Shock (safe; 4% risk of failure)
Confirm with . or Enter, or press ? or * to list all spells.
The endoplasm is struck by an arc of lightning!
You kill the endoplasm!
Vehumet accepts your kill.
You are struck by an arc of lightning.
The kobold is struck by an arc of lightning.
You kill the kobold!
Vehumet accepts your kill.
The frilled lizard is struck by an arc of lightning!
You kill the frilled lizard!
Vehumet accepts your kill.
The lightning grounds out.
The bat completely misses you. The bat barely misses you.
The bat completely misses you.
The kobold hits you with a +0 short sword.
* * * LOW HITPOINT WARNING * * *
Casting: Static Discharge (safe; 8% risk of failure)
Confirm with . or Enter, or press ? or * to list all spells.
The kobold is struck by an arc of lightning.
You kill the kobold!
Vehumet accepts your kill.
You are struck by an arc of lightning.
* * * LOW HITPOINT WARNING * * *
The bat closely misses you. x2
The bat closely misses you. The bat hits you but does no damage.
Casting: Static Discharge (safe; 8% risk of failure)
Confirm with . or Enter, or press ? or * to list all spells.
The bat is struck by an arc of lightning.
You kill the bat!
Vehumet accepts your kill.
You are struck by an arc of lightning.
You die...

######..##.#######.
#.............
#.###.#######.
#.##### #####
#.#...###..'.
#.#.8.'#...#
#.#...#†..#
#.#...#).# ##
#.'.8.@# #.
###..$#)# ##
#...#..# #.
#.8.+##.. ## #...#
.## ##### # ### #.#
#.# #.#


There were no monsters in sight!

Vanquished Creatures
  3 gnolls (D:3)
  3 adders
  3 worms
  A dart slug (D:2)
  7 orcs (D:3)
  3 ball pythons
  3 bats
  10 endoplasms
  2 giant cockroaches
  5 goblins
  5 hobgoblins
  9 jackals
  9 kobolds
  2 quokkas (D:2)
  7 frilled lizards
  6 rats
78 creatures vanquished.

Vanquished Creatures (others)
  24 plants (D:3)
24 creatures vanquished.

Grand Total: 102 creatures vanquished

Notes
Turn   | Place    | Note
-------+----------+-------------------------------------------
     0 | D:1      | 112233 the Felid Air Elementalist began the quest for the
                  | Orb.
     0 | D:1      | Reached XP level 1. HP: 7/7 MP: 4/4
   157 | D:1      | Reached skill level 3 in Air Magic
   399 | D:1      | Reached XP level 2. HP: 11/11 MP: 1/6
   970 | D:1      | Found Kisi Peo's Antique Weapon Emporium.
  1052 | D:1      | Reached XP level 3. HP: 12/14 MP: 0/7
  1345 | D:1      | Reached skill level 4 in Air Magic
  1978 | D:2      | Learned a level 2 spell: Static Discharge
  2742 | D:2      | Reached XP level 4. HP: 18/18 MP: 5/8
  3582 | D:3      | HP: 1/27 [poisoned by an adder]
  4293 | D:3      | Reached skill level 5 in Air Magic
  5067 | D:3      | Reached XP level 5. HP: 2/21 MP: 7/9
  5364 | D:3      | Found a radiant altar of Vehumet.
  5568 | D:3      | Became a worshipper of Vehumet
  5582 | D:3      | Mangled by a gnoll
  5583 | D:3      | Reached XP level 4. HP: -6/18 MP: 4/8
  5645 | D:3      | Killed from afar by themself

Illustrated notes

Levels and vault maps discovered:
D:1:      nicolae_arrival_somewhat_less_tricky_arrival, layout_rooms,
          serial_shops, shop, minivault_23
D:2:      layout_basic, kennysheep_generic_room_11
D:3:      minmay_chambers_of_threes, layout_loops_ring,
          mainiacjoe_overflow_paths, serial_bayou_lake_a
D:4:      layout_gridville, xom_teletrap_fun, patterned_corridor

Skill      XL: |  1  2  3  4 |
---------------+-------------+-----
Air Magic      | 3 4 5 |  5.3
Dodging        | |  2.7
Stealth        | |  2.7
Spellcasting   | |  2.0
Conjurations   | |  0.8

Action                   |  1- 3 |  4- 6 || total
-------------------------+-------+-------++-------
Melee: Unarmed           |    47 |    15 ||    62
       Bite              |     4 |     3 ||     7
       Punch             |     2 |     1 ||     3
 Cast: Shock             |   130 |    83 ||   213
       Static Discharge  |     2 |     3 ||     5
  Use: Potion            |       |     2 ||     2
Armor: Skin              |     7 |     1 ||     8
Dodge: Dodged            |    65 |    28 ||    93
